 Dungeon Crawl Stone Soup version 0.18-a0-705-g580043c (webtiles) character file.

22571 Alethiolet the Spear-Bearer (level 13, -4/79 HPs)
             Began as a Merfolk Ice Elementalist on Dec 7, 2015.
             Was a High Priest of Okawaru.
             Killed from afar by a steam dragon (25 damage)
             ... with a ball of steam
             ... on level 4 of the Lair of Beasts.
             The game lasted 01:44:08 (16159 turns).

Alethiolet the Spear-Bearer (MfIE)                 Turns: 16159, Time: 01:44:09

Health: -4/79      AC: 22    Str:  8    XL:     13   Next: 1%
Magic:  18/26      EV: 14    Int: 24    God:    Okawaru [*****.]
Gold:   648        SH:  0    Dex: 13    Spells: 6 memorised, 14 levels left

rFire  x . .     SeeInvis .     G - +3 trident (flame)
rCold  . . .     Clarity  .     D - +5 ring mail of Qoagocs {rF- rN+ Int+6}
rNeg   + . .     SustAt   .     (no shield)
rPois  +         Gourm    .     Q - +0 hat
rElec  .         Spirit   .     k - +2 cloak
rCorr  .         Dismiss  +     I - +0 pair of gloves {archery}
rMut   .         Stasis   .     y - +2 pair of boots
MR     .....                    p - amulet of dismissal
Stlth  +.........               z - ring of wizardry
                                i - ring of poison resistance

@: not resistant to hostile enchantments, very unstealthy
A: change form in water, swift swim, rough black scales 1, dopey 1, spit poison
1
a: Spit Poison, Heroism, Finesse, Renounce Religion


You were on level 4 of the Lair of Beasts.
You worshipped Okawaru.
Okawaru was extremely pleased with you.
You were not hungry.

You visited 3 branches of the dungeon, and saw 17 of its levels.
You also visited: Ossuary.

You collected 864 gold pieces.
You spent 216 gold pieces at shops.

Inventory:

Hand Weapons
 G - a +3 trident of flaming (weapon)
Armour
 g - the +1 robe "Vanuag" {rF+ rC+ Str+2}
   (You found it on level 2 of the Lair of Beasts)

   It affects your strength (+2).
   It protects you from fire.
   It protects you from cold.
 k - a +2 cloak (worn)
 o - a +0 pair of gloves
 t - the +5 ring mail "Imeely" {rElec rPois}
   (Okawaru gifted it to you on level 1 of the Lair of Beasts)

   It insulates you from electricity.
   It protects you from poison.
 y - a +2 pair of boots (worn)
 D - the +5 ring mail of Qoagocs (worn) {rF- rN+ Int+6}
   (You bought it in a shop on level 5 of the Dungeon)

   It affects your intelligence (+6).
   It makes you vulnerable to fire.
   It protects you from negative energy.
 I - a +0 pair of gloves of archery (worn)
 Q - a +0 hat (worn)
Magical Staves
 q - an uncursed staff of fire
Jewellery
 i - a ring of poison resistance (left hand)
 p - an amulet of dismissal (around neck)
 r - a +3 ring of protection
 z - a ring of wizardry (right hand)
Wands
 a - a wand of disintegration (13)
 e - a wand of confusion (22)
 x - a wand of teleportation (1)
 C - a wand of disintegration (10)
Scrolls
 d - 3 scrolls of enchant armour
 h - 3 scrolls of immolation
 m - 4 scrolls of teleportation
 n - 3 scrolls of magic mapping
 s - 5 scrolls of remove curse
 v - 2 scrolls of recharging
 w - a scroll of fear
 L - 3 scrolls of enchant weapon
Potions
 c - 4 potions of resistance
 l - 5 potions of cancellation
 u - 2 potions of brilliance
 E - 5 potions of curing
 F - 4 potions of lignification
 H - a potion of might
 K - a potion of berserk rage
 N - a potion of magic {unknown}
 R - a potion of agility {unknown}
Books
 b - a book of Frost

   Spells                             Type                      Level
   a - Freeze                         Ice                          1
   b - Throw Frost                    Conjuration/Ice              2
   c - Ozocubu's Armour               Charms/Ice                   3
   d - Throw Icicle                   Conjuration/Ice              4
   e - Summon Ice Beast               Ice/Summoning                4
   f - Condensation Shield            Ice                          4
 f - a book of Flames

   Spells                             Type                      Level
   a - Flame Tongue                   Conjuration/Fire             1
   b - Throw Flame                    Conjuration/Fire             2
   c - Conjure Flame                  Conjuration/Fire             3
   d - Inner Flame                    Hexes/Fire                   3
   e - Sticky Flame                   Conjuration/Fire             4
   f - Fireball                       Conjuration/Fire             5
Miscellaneous
 P - a phial of floods (inert)
 S - a piece from Xom's chessboard
Comestibles
 j - a bread ration
 A - 8 fruits
 B - a meat ration
 J - 2 beef jerkies
 M - a royal jelly
 O - 4 chunks of flesh
 T - a slice of pizza


   Skills:
 + Level 12.8 Polearms
 - Level 3.1 Armour
 - Level 10.0 Dodging
 - Level 2.1 Stealth
 + Level 9.2 Spellcasting
 - Level 0.7 Conjurations
 + Level 9.4 Summonings
 + Level 12.2 Ice Magic


You had 14 spell levels left.
You knew the following spells:

 Your Spells              Type           Power        Failure   Level  Hunger
a - Freeze                Ice            ####         1%          1    None
b - Throw Frost           Conj/Ice       #####.       1%          2    None
c - Summon Small Mammal   Summ           ####         1%          1    None
d - Condensation Shield   Ice            ######....   1%          4    ##.....
e - Summon Ice Beast      Ice/Summ       ######..     1%          4    ##.....
f - Throw Icicle          Conj/Ice       #####...     6%          4    ##.....


Dungeon Overview and Level Annotations

Branches:
Dungeon (11/15)            Temple (1/1) D:4            Lair (5/8) D:11
  Snake (0/4) Lair:4
  Swamp: Lair:3-6    Shoals: Lair:3-6       Orc: D:9-12

Altars:
Cheibriados
Elyvilon
Gozag
Okawaru
Pakellas
Qazlal
Trog
Vehumet
Xom
Zin
The Shining One

Shops:
D:5 [

Annotations:
Lair:2 exclusion: oklob plant


Innate Abilities, Weirdness & Mutations

You revert to your normal form in water.
You are very nimble and swift while swimming.
You are partially covered in rough black scales (AC +4, Dex -1).
You are dopey. (Int -2)
You can spit weak poison.


Message History

The blink frog blinks!
The komodo dragon bites you but does no damage.
You barely miss the komodo dragon.
The komodo dragon is lightly wounded.
The blink frog misses you.
The blink frog blinks!
You hit the komodo dragon. You burn the komodo dragon.
The komodo dragon is lightly wounded.
The blink frog hits you but does no damage.
The komodo dragon bites you but does no damage.
The blink frog blinks!
The steam dragon bites you but does no damage.
The steam dragon claws you.
You hit the komodo dragon. You burn the komodo dragon.
The komodo dragon is moderately wounded.
The komodo dragon is no longer moving slowly.
The blink frog hits you!
* * * LOW HITPOINT WARNING * * *
The steam dragon breathes steam at you. The ball of steam hits you!
The steam scalds you terribly!
You die...

....#......................#...
.........#.............
..........P............
.....#...P...........###
................F......#
.#....P......§F.......##
#...#...#.....l........P #..
###.######D.F....... #.. ###
#..§@....... #.. ##.>............
. #..## #...F§.........#. #
#P..## ######.§...........#.#.#.
.....###P........<............#.#
.....#.......................#...
###....P#....#.#.................
##..P..#.#####.P..#............$.
##.>..#### #.............#.....#


You could see a komodo dragon, 4 blink frogs and a steam dragon.

Vanquished Creatures
  3 death yaks (Lair:1)
  Maurice (D:8)
  7 black mambas
  The ghost of George the Carver, a novice MiFi (D:5)
  4 spiny frogs
  A fire drake (Lair:4)
  2 komodo dragons
  21 blink frogs
  Grinder (D:3)
  16 yaks
  A deep elf mage (D:8)
  2 wyverns
  2 basilisks
  A hungry ghost (D:10)
  A steam dragon (D:11)
  5 hippogriffs
  A wolf (Lair:2)
  4 porcupines
  13 water moccasins
  6 orc warriors
  2 black bears
  A necrophage (D:7)
  A sky beast (D:5)
  2 ice beasts
  An ogre (D:10)
  5 centaurs
  7 crocodiles
  8 giant frogs
  A wyvern zombie (D:10)
  A wyvern skeleton (D:9)
  A scorpion (D:7)
  6 wights
  2 centaur zombies
  7 hounds
  A jelly (D:5)
  3 crimson imps
  2 human zombies (Ossuary)
  3 orc priests
  8 iguanas
  10 orc wizards
  4 hell rats (Lair:2)
  4 worker ants
  A big kobold zombie (Ossuary)
  A hound zombie (D:10)
  3 mummies (Ossuary)
  4 gnolls (D:5)
  5 adders
  36 river rats
  3 shadow imps
  An ooze (D:2)
  2 adder skeletons (D:9)
  2 worms
  7 giant geckos
  43 orcs
  4 bats
  5 giant cockroaches
  2 hobgoblins
  12 jackals
  3 kobolds
  3 ball pythons (Lair:4)
  10 giant newts
  A gnoll zombie (Ossuary)
  6 goblins
  2 goblin zombies (Ossuary)
  2 hobgoblin zombies (Ossuary)
  4 quokkas
  A quokka skeleton (D:4)
  3 rats
  2 fungi (Lair:1)
341 creatures vanquished.

Vanquished Creatures (collateral kills)
  Pikel (D:6)
  A two-headed ogre (D:9)
  9 yaks
  2 water moccasins (Lair:1)
  3 ogres
  A giant frog (D:9)
  A wight (D:8)
  An orc wizard (D:7)
  A hound (D:7)
  3 river rats (Lair:3)
  An adder (D:5)
  A shadow imp (D:6)
  5 orcs
30 creatures vanquished.

Vanquished Creatures (others)
  A slave (D:6)
  A scorpion (D:6)
  A jelly (D:6)
  An orc wizard (D:6)
  A shadow imp (D:6)
  An adder skeleton (D:6)
  4 orcs
  A quokka (D:6)
  A plant (Lair:2)
12 creatures vanquished.

Grand Total: 383 creatures vanquished

Notes
Turn   | Place    | Note
--------------------------------------------------------------
     0 | D:1      | Alethiolet the Merfolk Ice Elementalist began the quest for the Orb.
     0 | D:1      | Reached XP level 1. HP: 13/13 MP: 3/3
   131 | D:1      | Reached XP level 2. HP: 7/19 MP: 0/5
   377 | D:1      | Reached skill level 4 in Ice Magic
   408 | D:1      | Learned a level 2 spell: Throw Frost
   769 | D:2      | Found an iron altar of Okawaru.
   792 | D:2      | Became a worshipper of Warmaster Okawaru
   915 | D:2      | Reached XP level 3. HP: 7/24 MP: 2/6
  1483 | D:3      | Reached skill level 5 in Ice Magic
  1483 | D:3      | Reached XP level 4. HP: 12/30 MP: 0/7
  1777 | D:3      | Noticed Grinder
  1870 | D:4      | Found a staircase to the Ecumenical Temple.
  2164 | D:4      | Learned a level 1 spell: Summon Small Mammal
  2183 | D:4      | Reached XP level 5. HP: 31/35 MP: 2/8
  2492 | Temple   | Entered the Ecumenical Temple
  2861 | D:4      | Reached skill level 5 in Dodging
  2861 | D:4      | Reached XP level 6. HP: 35/41 MP: 5/10
  3131 | D:3      | Killed Grinder
  3131 | D:3      | Reached * piety under Okawaru
  3131 | D:3      | Reached skill level 6 in Dodging
  3131 | D:3      | Reached XP level 7. HP: 6/46 MP: 6/12
  3179 | D:4      | HP: 2/46 [quokka skeleton (4)]
  3350 | D:4      | Got a smoking short sword {holy}
  3351 | D:4      | Identified the +0 short sword of Nayrph {holy, Stlth+} (You took it off an orc on level 4 of the Dungeon)
  3493 | D:5      | Entered Level 5 of the Dungeon
  3516 | D:5      | Noticed George's ghost (novice MiFi)
  3552 | D:5      | Learned a level 4 spell: Condensation Shield
  3557 | D:5      | Learned a level 4 spell: Summon Ice Beast
  3762 | D:5      | Found an opulent altar of Gozag.
  3801 | D:5      | Found Doiceosk's Antique Armour Boutique.
  3840 | D:5      | Found a radiant altar of Vehumet.
  4018 | D:5      | Killed George's ghost
  4018 | D:5      | Reached ** piety under Okawaru
  4018 | D:5      | Reached skill level 1 in Summonings
  4018 | D:5      | Reached XP level 8. HP: 21/52 MP: 1/14
  4179 | D:5      | Reached skill level 7 in Ice Magic
  4217 | D:5      | Found a stormy altar of Qazlal.
  4487 | D:6      | Noticed Pikel
  4535 | D:6      | Reached *** piety under Okawaru
  4539 | D:6      | Killed Pikel
  4618 | D:6      | Reached **** piety under Okawaru
  4631 | D:6      | Found a sand-covered staircase.
  4639 | Ossuary  | Entered an ossuary
  4666 | Ossuary  | Reached skill level 5 in Polearms
  4780 | Ossuary  | Reached skill level 8 in Dodging
  4847 | Ossuary  | Reached XP level 9. HP: 37/57 MP: 15/15
  4905 | Ossuary  | Gained mutation: You can spit weak poison. [potion of mutation]
  4905 | Ossuary  | Gained mutation: You are dopey. (Int -2) [potion of mutation]
  4905 | Ossuary  | Gained mutation: You are partially covered in rough black scales (AC +4, Dex -1). [potion of mutation]
  4993 | D:6      | You fall through a shaft for 2 floors!
  5926 | D:7      | Reached skill level 5 in Spellcasting
  6231 | D:5      | Bought a bloodstained ring mail for 216 gold pieces
  6241 | D:5      | Identified the +5 ring mail of Qoagocs {rF- rN+ Int+6} (You bought it in a shop on level 5 of the Dungeon)
  6338 | D:5      | Reached ***** piety under Okawaru
  6797 | D:7      | Reached skill level 9 in Dodging
  6845 | D:7      | Found a shimmering altar of Xom.
  6960 | D:7      | Found a white marble altar of Elyvilon.
  6961 | D:7      | Found a glowing silver altar of Zin.
  6962 | D:7      | Found a glowing golden altar of the Shining One.
  7144 | D:8      | Reached skill level 5 in Summonings
  7437 | D:8      | Reached skill level 1 in Armour
  7437 | D:8      | Reached XP level 10. HP: 52/62 MP: 16/18
  7476 | D:9      | Noticed Maurice
  7540 | D:8      | Killed Maurice
  8076 | D:9      | Found an iron altar of Okawaru.
  8312 | D:9      | Received a gift from Okawaru
  8315 | D:9      | Got a pitted buckler {god gift}
  8322 | D:9      | Identified the -5 buckler "Polik" {Stlth+} (Okawaru gifted it to you on level 9 of the Dungeon)
  8470 | D:9      | Found a bloodstained altar of Trog.
  8502 | D:10     | Entered Level 10 of the Dungeon
  9295 | D:11     | Found an oddly glowing altar of Pakellas.
  9363 | D:11     | Reached skill level 10 in Dodging
  9829 | D:11     | Found a staircase to the Lair.
  9909 | Lair:1   | Entered Level 1 of the Lair of Beasts
  9952 | Lair:1   | Noticed a black mamba
 10008 | Lair:1   | Reached XP level 11. HP: 47/68 MP: 6/20
 10810 | Lair:1   | Reached skill level 10 in Ice Magic
 11006 | Lair:2   | Noticed a death yak
 11007 | Lair:2   | Noticed a death yak
 11008 | Lair:2   | Noticed a death yak
 11048 | Lair:1   | Killed a death yak
 11118 | Lair:1   | Killed a death yak
 11118 | Lair:1   | Reached skill level 10 in Polearms
 11193 | Lair:1   | Received a gift from Okawaru
 11196 | Lair:1   | Got an ichor-stained ring mail {god gift}
 11207 | Lair:1   | Identified the +5 ring mail "Imeely" {rElec rPois} (Okawaru gifted it to you on level 1 of the Lair of Beasts)
 11503 | Lair:1   | Killed a death yak
 11675 | Lair:1   | Learned a level 4 spell: Throw Icicle
 12508 | Lair:2   | Got a dull robe
 12519 | Lair:2   | Identified the cursed +1 robe "Vanuag" {rF+ rC+ Str+2} (You found it on level 2 of the Lair of Beasts)
 12651 | Lair:2   | Reached skill level 11 in Polearms
 12651 | Lair:2   | Reached XP level 12. HP: 46/74 MP: 17/23
 14207 | Lair:3   | Reached skill level 12 in Polearms
 14862 | Lair:4   | Received a gift from Okawaru
 15070 | Lair:4   | Found a staircase to the Snake Pit.
 15970 | Lair:5   | XOM: swap monsters
 15972 | Lair:5   | XOM: swap monsters
 15973 | Lair:5   | XOM: swap monsters
 16082 | Lair:5   | Noticed a four-headed hydra
 16088 | Lair:5   | XOM: swap monsters
 16101 | Lair:5   | Noticed a five-headed hydra
 16110 | Lair:4   | Reached XP level 13. HP: 30/79 MP: 17/26
 16159 | Lair:4   | Killed from afar by a steam dragon

Vault maps used:
D:1:      minmay_arrival_jagged, minmay_newt_pond
D:2:      okawaru_trees_1
D:3:      nemelex_deck, lemuel_doored_altar, uniq_grinder
D:4:      minmay_temple_entry_trees
D:5:      black_bear_nest_1, vehumet_altar_wand_db, kennysheep_mini_moat,
          nicolae_qazlal_style_of_elements, serial_shops, shop, first_bread
D:6:      nicolae_ossuary_entry_plus, kennysheep_generic_room_16, uniq_pikel
D:7:      good_gods_temple_1, kennysheep_mini, grunt_ogre_cave,
          grunt_ministairs_3, nrook_mini_vaults, nicolae_underground_beach
D:8:      nicolae_straight_to_the_point
D:9:      old_standard_altar, bloody_trog, uniq_maurice
D:10:     minmay_cut_squares, enter_trove_6
D:11:     erik_lair_dragon, special_room, abandoned_shop, grunt_pakellas_basics
Temple:   roderic_octagonal_lattice_temple
Lair:1:   dragon1_lemuel, infiniplex_staircase_pool_2, serial_bayou_shore_b,
          uniq_joseph
Lair:2:   minmay_lair_oklob_bushes
Lair:3:   grunt_megastairs_4
Lair:4:   minmay_snake_entry_six_corridors, minivault_23
Lair:5:   minivault_25
Ossuary:  ossuary_crypta

Action                   |  1- 3 |  4- 6 |  7- 9 | 10-12 | 13-15 || total
-------------------------+-------+-------+-------+-------+-------++-------
Melee: Dagger            |    73 |       |       |       |       ||    73
       Unarmed           |     1 |       |       |       |       ||     1
       Staff             |     7 |   100 |     4 |       |       ||   111
       Short sword       |       |       |   202 |       |       ||   202
       Halberd           |       |       |    65 |   114 |       ||   179
       Trident           |       |       |     7 |   698 |    12 ||   717
 Cast: Freeze            |    32 |    72 |   113 |   262 |     4 ||   483
       Throw Frost       |       |     7 |    19 |   150 |     2 ||   178
       Summon Small Mamm |       |     2 |     4 |       |       ||     6
       Condensation Shie |       |       |     7 |     6 |       ||    13
       Summon Ice Beast  |       |       |     8 |    15 |       ||    23
Evoke: Piece from Xom's  |       |       |       |     4 |       ||     4
       Phial of floods   |       |       |       |     1 |       ||     1
  Use: Scroll            |       |     8 |     8 |     8 |       ||    24
       Potion            |       |     4 |     6 |     6 |       ||    16
 Stab: Sleeping          |     3 |     2 |       |     1 |       ||     6
       Distracted        |       |       |     4 |       |       ||     4
  Eat: Chunk             |     2 |     3 |     1 |    10 |       ||    16
       Bread ration      |       |     1 |     3 |     1 |       ||     5
       Royal jelly       |       |       |     2 |       |       ||     2
       Meat ration       |       |       |       |     4 |       ||     4
       Fruit             |       |       |       |     1 |       ||     1
       Pizza             |       |       |       |     1 |       ||     1
